[Event "Team 45 45 League T72"]
[Site "Internet Chess Club"]
[Date "2017.03.26"]
[Round "2"]
[White "Xbug"]
[Black "olivermx"]
[Result "0-1"]
[WhiteElo "1134"]
[BlackElo "1322"]
[Opening "QGD Slav defense: exchange variation"]
[ECO "D10"]
[Time "13:04:12"]
[TimeControl "2700+45"]

1. d4 d5 2. c4 c6 3. cxd5 cxd5 4. Nf3 Bg4 5. Bf4 e6 6. e3 Nf6 7. Bd3 Be7 8. Nbd2
O-O 9. O-O Nbd7 10. h3 Bxf3 11. Nxf3 a6 12. a4 Re8 13. Qd2 Nf8 14. Rac1 Bd6 15.
Be5 Ng6 16. Bxg6 fxg6 17. Rc2 Bxe5 18. Nxe5 Rc8 19. Rfc1 Rxc2 20. Qxc2 Nd7 21.
Nxd7 Qxd7 22. Qc7 Re7 23. Qxd7 Rxd7 24. Kf1 Kf7 25. Ke2 h5 26. Kd3 Kf6 27. g4
Kg5 28. f3 Kh4 29. gxh5 gxh5 30. Rh1 g6 31. Rg1 Rg7 32. Rh1 Kg3 33. f4 Kg2 34.
Re1 {White resigns} 0-1

[Event "Team 45 45 League T72"]
[Site "Internet Chess Club"]
[Date "2017.03.25"]
[Round "2"]
[White "rhayder"]
[Black "oldmastermind"]
[Result "1-0"]
[WhiteElo "1198"]
[BlackElo "1299"]
[Opening "French defense"]
[ECO "C01"]
[Time "18:16:02"]
[TimeControl "2700+45"]

1. e4 e6 2. d4 c6 3. Nf3 d5 4. e5 c5 5. c3 cxd4 6. cxd4 Bb4+ 7. Bd2 Qa5 8. Bxb4
Qxb4+ 9. Qd2 Qxd2+ 10. Nbxd2 Bd7 11. Rc1 Nc6 12. Bb5 Nxe5 13. Bxd7+ Nxd7 14. O-O
Ngf6 15. Ne5 Ke7 16. Rc7 b6 17. Ndf3 h6 18. Rfc1 Rhd8 19. h3 Ne8 20. Nc6+ Kf8
21. Nxd8 Nxc7 22. Rxc7 Rxd8 23. Rxa7 Ke8 24. Ne5 Nxe5 25. dxe5 Rc8 26. Rb7 Rd8
27. Rxb6 d4 28. Rd6 Rxd6 29. exd6 Kd7 30. Kf1 Kxd6 31. Ke2 Kd5 32. Kd3 e5 33. f3
f6 34. a4 Kc5 35. a5 Kb5 36. b4 f5 37. g3 g5 38. Kd2 h5 39. Kd3 Ka6 40. Kc4 Kb7
41. b5 Kc7 42. a6 Kb6 43. Kd3 f4 44. gxf4 {Black resigns} 1-0

[Event "Team 45 45 League T72"]
[Site "Internet Chess Club"]
[Date "2017.03.28"]
[Round "2"]
[White "Andaluz"]
[Black "carey69"]
[Result "1-0"]
[WhiteElo "1288"]
[BlackElo "1038"]
[Opening "Ruy Lopez: Berlin defense, Beverwijk variation"]
[ECO "C64"]
[Time "16:00:32"]
[TimeControl "2700+45"]

1. e4 e5 2. Nf3 Nc6 3. Bb5 Bc5 4. O-O Nf6 5. Re1 O-O 6. Bxc6 bxc6 7. Nxe5 Re8 8.
d4 Bb6 9. Nc3 Bb7 10. Nc4 Ba5 11. Nxa5 Rb8 12. Nxb7 Rxb7 13. b3 d6 14. Bg5 d5
15. e5 h6 16. Bxf6 gxf6 17. exf6 Rxe1+ 18. Qxe1 Qxf6 19. Qe8+ Kg7 20. Qe5 Qxe5
21. dxe5 Rb8 22. Re1 Re8 23. Kf1 Kg6 24. g3 Kf5 25. f4 d4 26. Nd1 h5 27. Nf2 c5
28. Nd3 c4 29. bxc4 h4 30. Kg2 hxg3 31. hxg3 Re6 32. c5 Ra6 33. Ra1 Ke4 34. Kf2
Rh6 35. Re1+ Kd5 36. Kg1 a5 37. Kg2 Rh5 38. Rh1 Rxh1 39. Kxh1 Ke6 40. Kg2 Kf5
41. Kf3 a4 42. a3 c6 43. Nb4 Ke6 44. Nxc6 Kd5 45. Nd8 Kxc5 46. Nxf7 Kd5 47. Nd6
Kc5 48. Ke4 Kc6 49. Kxd4 Kd7 50. Kd5 Ke7 51. f5 Kf8 52. Ke6 Kg7 53. f6+ Kf8 54.
f7 Kg7 55. Ke7 Kg6 56. f8=Q Kg5 57. Qf4+ Kg6 58. Ke6 Kg7 59. Qf6+ Kh7 60. Nf5
Kg8 61. Qg7# {Black checkmated} 1-0

[Event "Team 45 45 League T72"]
[Site "Internet Chess Club"]
[Date "2017.03.26"]
[Round "2"]
[White "Rbug"]
[Black "SeniorCitizen"]
[Result "0-1"]
[WhiteElo "1036"]
[BlackElo "1237"]
[Opening "French: exchange, Svenonius variation"]
[ECO "C01"]
[Time "13:03:34"]
[TimeControl "2700+45"]

1. e4 e6 2. d4 d5 3. exd5 exd5 4. Nc3 Nf6 5. Bg5 Be7 6. h3 O-O 7. Nf3 c6 8. Be2
Bf5 9. O-O Ne4 10. Bd3 Bxg5 11. Bxe4 dxe4 12. Nd2 Qxd4 13. Ne2 Qxd2 14. Qxd2
Bxd2 15. Rad1 Ba5 16. Nd4 Bg6 17. Nb3 Bb6 18. Rd2 e3 19. fxe3 Bxe3+ 20. Rff2
Bxf2+ 21. Rxf2 Na6 {White resigns} 0-1

[Event "Team 45 45 League T72"]
[Site "Internet Chess Club"]
[Date "2017.03.23"]
[Round "2"]
[White "oldbookseller"]
[Black "vedv"]
[Result "0-1"]
[WhiteElo "933"]
[BlackElo "943"]
[Opening "Queen's pawn game"]
[ECO "D04"]
[Time "12:00:42"]
[TimeControl "2700+45"]

1. d4 d5 2. Nf3 Nf6 3. e3 Nc6 4. Nbd2 Bf5 5. Be2 e6 6. O-O Bd6 7. Re1 Be4 8. c4
dxc4 9. Nxc4 Qe7 10. Ncd2 O-O-O 11. Qa4 Nd5 12. Nc4 Qf6 13. Nb6+ Nxb6 14. Qd1
Qg6 15. g3 h5 16. Nh4 Qf6 17. f3 Bg6 18. f4 Nb4 19. Bb5 Nc2 20. Bd2 Nxa1 21.
Qxa1 Qe7 22. Bc3 f6 23. Nxg6 Qf7 24. Nxh8 Rxh8 25. Bd3 h4 26. g4 g5 27. d5 Nxd5
28. Bd4 gxf4 29. e4 e5 30. Bxa7 Ne3 31. Qc1 Qg6 32. Bb6 Qxg4+ 33. Kf2 Qg2#
{White checkmated} 0-1

[Event "Team 45 45 League T72"]
[Site "Internet Chess Club"]
[Date "2017.03.25"]
[Round "2"]
[White "Electryon"]
[Black "guyd52"]
[Result "1-0"]
[WhiteElo "1444"]
[BlackElo "1312"]
[Opening "English opening"]
[ECO "A20"]
[Time "07:01:07"]
[TimeControl "2700+45"]

1. c4 e5 2. g3 Nc6 3. Bg2 Nge7 4. Nc3 b6 5. d3 Bb7 6. e4 f6 7. Nge2 g5 8. Nd5
Ng6 9. Nec3 Bb4 10. Qf3 Rf8 11. Bd2 Nd4 12. Qd1 Bxc3 13. Bxc3 Bxd5 14. exd5 Qe7
15. d6 Qd8 16. dxc7 Qc8 17. Bxd4 exd4 18. Qe2+ Ne5 19. f4 d6 20. fxe5 dxe5 21.
O-O-O Kd7 22. Bxa8 Qxa8 23. Qe4 Qxe4 24. dxe4 Kxc7 25. Rhf1 Kd6 26. Kd2 Kc5 27.
Kd3 Kb4 28. Rf5 Rc8 29. Rc1 Rc6 30. Rc2 a5 31. Rcf2 Rxc4 32. Rc2 Rxc2 33. Kxc2
Kc5 34. Rxf6 {Black resigns} 1-0

[Event "Team 45 45 League T72"]
[Site "Internet Chess Club"]
[Date "2017.03.25"]
[Round "2"]
[White "liujf"]
[Black "Aquaman"]
[Result "1-0"]
[WhiteElo "1632"]
[BlackElo "1389"]
[Opening "Sicilian: accelerated fianchetto, modern variation"]
[ECO "B34"]
[Time "16:00:36"]
[TimeControl "2700+45"]

1. e4 c5 2. Nf3 Nc6 3. d4 cxd4 4. Nxd4 g6 5. Nc3 Bg7 6. Nxc6 bxc6 7. Bc4 e6 8.
Bf4 Ne7 9. Qd2 O-O 10. e5 Re8 11. O-O Qc7 12. Rfe1 Nd5 13. Bg3 Nb6 14. Bb3 Nd5
15. Qd4 Ne7 16. Qc5 Bf8 17. Ne4 Kg7 18. Qe3 Nf5 19. Qf3 Nxg3 20. Qxg3 Be7 21.
Qf4 Qd8 22. Re3 Rf8 23. Rh3 Rh8 24. Rd1 h6 25. Rdd3 Ba6 26. Rdf3 Qf8 27. Nf6 Bc8
28. Ng4 g5 29. Qd4 c5 30. Qd3 Rb8 31. Rhg3 Rb4 32. Nf6 Rd4 33. Qe2 Bb7 34. Nh5+
Kg8 35. Re3 Ba6 36. Qe1 Rh4 37. Rh3 Rxh3 38. Rxh3 d5 39. c3 Bd3 40. Rxd3 c4 41.
Bxc4 dxc4 42. Rd4 Qb8 43. Qd2 Qxe5 44. Rxc4 Qf5 45. Rc8+ Bf8 46. Rxf8+ Kxf8 47.
Qd8# {Black checkmated} 1-0

[Event "Team 45 45 League T72"]
[Site "Internet Chess Club"]
[Date "2017.03.24"]
[Round "2"]
[White "chips"]
[Black "GiantsFan"]
[Result "1/2-1/2"]
[WhiteElo "1192"]
[BlackElo "1166"]
[Opening "Polish (Sokolsky) opening"]
[ECO "A00"]
[Time "21:10:05"]
[TimeControl "2700+45"]

1. b4 e5 2. Bb2 d6 3. e4 Nf6 4. d3 Be6 5. Nf3 a6 6. g3 Nc6 7. Bg2 Be7 8. O-O
Nxb4 9. a3 Nc6 10. Nbd2 O-O 11. Qc1 Qd7 12. Ng5 Ng4 13. Nxe6 Qxe6 14. Kh1 f5 15.
h3 Nf6 16. exf5 Qxf5 17. Qd1 Qe6 18. g4 Rf7 19. Nf3 h5 20. Ng5 Qd7 21. Nxf7 Kxf7
22. gxh5 Qf5 23. Qf3 Qxh5 24. Qxh5+ Nxh5 25. Bf3 Nf4 26. Bg4 Rh8 27. Kh2 Nd4 28.
Bxd4 exd4 29. Kg3 g5 30. Rab1 b5 31. Rb4 c5 32. Rbb1 d5 33. Rh1 Bd6 34. Kf3 Re8
35. Rbe1 c4 36. Rxe8 Kxe8 37. h4 gxh4 38. Rxh4 Nxd3 39. cxd3 c3 40. Rh1 Bxa3 41.
Be6 c2 42. Bxd5 c1=Q 43. Rxc1 Bxc1 44. Bb7 a5 45. Bc6+ Ke7 46. Bxb5 Kd6 47. Ke4
Bb2 48. f4 Ke6 49. Bc4+ Kf6 50. f5 a4 51. Be6 a3 52. Kf4 Bc1+ 53. Kg4 Ke7 54.
Kh5 Kf6 55. Kg4 {Game drawn by mutual agreement} 1/2-1/2

[Event "Team 45 45 League T72"]
[Site "Internet Chess Club"]
[Date "2017.03.23"]
[Round "2"]
[White "mongmong"]
[Black "drsigmund1"]
[Result "1-0"]
[WhiteElo "1504"]
[BlackElo "1425"]
[Opening "Queen's pawn"]
[ECO "A40"]
[Time "19:01:08"]
[TimeControl "2700+45"]

1. d4 e6 2. Nf3 d5 3. e3 f5 4. c4 c6 5. Bd3 Nf6 6. O-O Bd6 7. b3 Qe7 8. Bb2 O-O
9. Nc3 Nbd7 10. Ne2 Ne4 11. Ne5 Nxe5 12. dxe5 Bc7 13. a4 Nc5 14. f4 Bd7 15. cxd5
cxd5 16. Ba3 Bb6 17. Nd4 a6 18. Rc1 Rfc8 19. Bxc5 Bxc5 20. Qe2 Ba3 21. Rxc8+
Rxc8 22. Rb1 Rc3 23. Qd1 Qc5 24. h3 g6 25. Kf2 Bb4 26. Ne2 Ba5 27. Nxc3 Qxc3 28.
Qc2 Qxc2+ 29. Bxc2 b5 30. axb5 Bxb5 31. Rd1 Kf7 32. Bd3 Bc3 33. Ke2 Bb2 {Black
resigns} 1-0

[Event "Team 45 45 League T72"]
[Site "Internet Chess Club"]
[Date "2017.03.26"]
[Round "2"]
[White "dabodhi"]
[Black "tasawyer81"]
[Result "0-1"]
[WhiteElo "1259"]
[BlackElo "1174"]
[Opening "French: Paulsen variation"]
[ECO "C10"]
[Time "19:01:50"]
[TimeControl "2700+45"]

1. e4 e6 2. d4 d5 3. Nc3 Nc6 4. e5 Bb4 5. Nf3 Bd7 6. Bd3 Qe7 7. a3 Ba5 8. O-O
O-O-O 9. b4 Bb6 10. Be3 f6 11. Na4 fxe5 12. Nxb6+ axb6 13. Nxe5 Nf6 14. f3 h6
15. Nxc6 Bxc6 16. b5 Bd7 17. c4 e5 18. Qa4 Kb8 19. Rfc1 e4 20. Be2 exf3 21. Bxf3
Qxe3+ 22. Kh1 Qxd4 23. h3 dxc4 24. Rd1 Qc5 25. Rab1 Bf5 26. Rbc1 Rxd1+ 27. Qxd1
Qxb5 28. g4 Be4 29. Bxe4 Nxe4 30. Qf3 Qc6 31. Kg1 Qc5+ 32. Kh2 Qe5+ 33. Kg1 Qd4+
34. Kh2 Qd2+ 35. Qg2 Qxc1 36. Qxe4 Qb2+ 37. Kg3 Qxa3+ 38. Kh2 Qb2+ 39. Kg3 c3
40. Qe5 Rd8 41. Kh4 Qf2+ 42. Kh5 c2 43. Qe7 Rd5+ 44. Kg6 Rg5+ 45. Kh7 c1=Q 46.
Qe8+ Ka7 47. Qa4+ Kb8 48. Qe8+ Ka7 49. Qa4+ Ra5 50. Qxa5+ bxa5 {White resigns}
0-1

[Event "Team 45 45 League T72"]
[Site "Internet Chess Club"]
[Date "2017.03.24"]
[Round "2"]
[White "Toalla"]
[Black "Just-Jim"]
[Result "1-0"]
[WhiteElo "1276"]
[BlackElo "1256"]
[Opening "QGD Slav defense"]
[ECO "D10"]
[Time "17:30:50"]
[TimeControl "2700+45"]

1. d4 d5 2. c4 c6 3. g3 e6 4. Bg2 Qa5+ 5. Bd2 Bb4 6. Bxb4 Qxb4+ 7. Qd2 Na6 8. a3
Qxd2+ 9. Nxd2 Ne7 10. Ngf3 O-O 11. O-O h6 12. b4 Nf5 13. e4 Nd6 14. exd5 exd5
15. cxd5 cxd5 16. Rfe1 Nc4 17. Nxc4 dxc4 18. Ne5 Nc7 19. Nxc4 Rb8 20. Ne5 Ne6
21. Rad1 Rd8 22. d5 Nf8 23. Re3 b6 24. Nc6 Bg4 25. Rde1 Rbc8 26. Nxd8 Rxd8 27.
h3 Be6 28. dxe6 Nxe6 29. f4 Rd2 30. Rc1 Nd4 31. Rc8+ Kh7 32. Be4+ g6 33. Kf1
Rd1+ 34. Re1 Rd2 35. Rc7 Kg7 36. Rxa7 Rh2 37. Rd7 Nb5 38. a4 Nc3 39. Bg2 Nxa4
40. Kg1 Rxg2+ 41. Kxg2 b5 42. Ree7 Nb6 43. Rb7 Nd5 44. Rxf7+ Kg8 45. Rg7+ Kf8
46. Rxg6 Nxb4 47. Rxh6 Nd5 48. Rh8# {Black checkmated} 1-0

[Event "Team 45 45 League T72"]
[Site "Internet Chess Club"]
[Date "2017.03.27"]
[Round "2"]
[White "Xbug"]
[Black "WzeroMN"]
[Result "0-1"]
[WhiteElo "1120"]
[BlackElo "1189"]
[Opening "Queen's pawn game"]
[ECO "E10"]
[Time "17:03:51"]
[TimeControl "2700+45"]

1. d4 Nf6 2. c4 e6 3. Nf3 d5 4. cxd5 Bb4+ 5. Bd2 Bxd2+ 6. Nbxd2 exd5 7. e3 O-O
8. Be2 b6 9. O-O Ba6 10. Bxa6 Nxa6 11. Qb3 c6 12. Rfc1 Rc8 13. Rc2 c5 14. Rac1
c4 15. Qa4 Nc7 16. b3 a5 17. bxc4 dxc4 18. Rxc4 b5 19. Rxc7 Rxc7 20. Qxa5 Rxc1+
21. Nf1 Qxa5 {White resigns} 0-1

[Event "Team 45 45 League T72"]
[Site "Internet Chess Club"]
[Date "2017.03.24"]
[Round "2"]
[White "room-matt"]
[Black "santiagoelawad"]
[Result "1-0"]
[WhiteElo "1889"]
[BlackElo "2024"]
[Opening "Caro-Kann: anti-anti-Caro-Kann defense"]
[ECO "B10"]
[Time "15:21:00"]
[TimeControl "2700+45"]

1. e4 c6 2. c4 d5 3. exd5 cxd5 4. cxd5 Nf6 5. Nc3 g6 6. Bc4 Bg7 7. Nf3 O-O 8.
O-O Na6 9. d4 Nc7 10. Qb3 a6 11. Ne5 b5 12. Be2 Ncxd5 13. Nc6 Qd6 14. Nxd5 Be6
15. Ndxe7+ Kh8 16. Qg3 Qd7 17. Rd1 Rfe8 18. Bg5 Ne4 19. Qh4 Nxg5 20. Qxg5 f6 21.
Qc5 Bf8 22. d5 Bxe7 23. Nxe7 Rxe7 24. dxe6 Qxe6 25. Bg4 f5 26. Qd4+ Qe5 27.
Qxe5+ Rxe5 28. Bf3 Rc8 29. Rac1 Rec5 30. Rxc5 Rxc5 31. b4 Rc2 32. Bd5 Kg7 33.
Kf1 Kf6 34. Bb3 Rc6 35. Ke2 g5 36. g3 h5 37. f4 h4 38. gxh4 gxh4 39. Rd8 Kg7 40.
Rg8+ Kh7 41. Rg5 Rc3 42. Rh5+ Kg6 43. Rxh4 Rc1 44. Rh8 Rh1 45. Bd5 Rb1 46. Bb3
Rh1 47. h4 Rh2+ 48. Ke3 Rh3+ 49. Kd4 Rf3 50. Ke5 Re3+ 51. Kd5 Re4 52. Kc5 Rxf4
53. h5+ Kg5 54. h6 Kg6 55. Ra8 Kxh6 56. Rxa6+ Kg5 57. Kxb5 Rh4 58. a4 f4 59. Bd5
Rh2 60. Kc5 Rc2+ 61. Kb6 Kg4 62. Ra8 Rd2 63. Bc6 Kg3 64. b5 f3 65. Rg8+ Kf2 66.
a5 {Black resigns} 1-0

[Event "Team 45 45 League T72"]
[Site "Internet Chess Club"]
[Date "2017.03.23"]
[Round "2"]
[White "primerpaso"]
[Black "fishhead"]
[Result "1-0"]
[WhiteElo "1818"]
[BlackElo "1658"]
[Opening "English opening"]
[ECO "A16"]
[Time "18:55:57"]
[TimeControl "2700+45"]

1. c4 Nf6 2. Nc3 g6 3. g3 Bg7 4. Bg2 d6 5. e4 e5 6. Nge2 O-O 7. O-O Nc6 8. d3 h6
9. h3 Ne7 10. Be3 Nh5 11. g4 Nf6 12. f4 exf4 13. Bxf4 Ne8 14. Qd2 Kh7 15. Rf2 f5
16. exf5 gxf5 17. g5 Ng6 18. gxh6 Bf6 19. Nd5 Bh4 20. Bg3 Bg5 21. Ndf4 Nf6 22.
Qd1 Ne5 23. Nd4 Qe7 24. Qf1 c6 25. Re1 Qf7 26. Nf3 Bxh6 27. Nxe5 dxe5 28. Rxe5
Rg8 29. Bh4 Bf8 30. Qe2 Bd6 31. Re3 Bc5 32. d4 Bxd4 33. Re7 Rg7 34. Rxf7 Rxf7
35. Bxf6 Rxf6 36. Kf1 {Black resigns} 1-0

[Event "Team 45 45 League T72"]
[Site "Internet Chess Club"]
[Date "2017.03.26"]
[Round "2"]
[White "Goli"]
[Black "kabindra"]
[Result "0-1"]
[WhiteElo "1743"]
[BlackElo "1781"]
[Opening "Ruy Lopez: exchange variation, Alapin gambit"]
[ECO "C68"]
[Time "11:06:56"]
[TimeControl "2700+45"]

1. e4 e5 2. Nf3 Nc6 3. Bb5 a6 4. Bxc6 dxc6 5. O-O Bg4 6. h3 h5 7. d3 Qf6 8. Be3
Ne7 9. Nbd2 Bd7 10. Re1 Ng6 11. Nf1 Nf4 12. Ng3 Be7 13. Ne2 Nxh3+ 14. gxh3 Qxf3
15. Ng3 Qf6 16. Kh2 g6 17. Qe2 h4 18. Nf1 O-O-O 19. Nd2 Qe6 20. Qf3 f5 21. exf5
gxf5 22. Nb3 e4 23. Qg2 Rhg8 24. Qf1 Bd6+ 25. Kh1 f4 26. Bxf4 Bxf4 27. Rxe4 Qf6
28. Nc5 Bd6 29. Nxd7 Qf3+ {White resigns} 0-1

[Event "Team 45 45 League T72"]
[Site "Internet Chess Club"]
[Date "2017.03.24"]
[Round "2"]
[White "Portola"]
[Black "Duguesclin"]
[Result "0-1"]
[WhiteElo "1763"]
[BlackElo "1547"]
[Opening "Queen's pawn game, Darooha variation "]
[ECO "D02"]
[Time "16:00:14"]
[TimeControl "2700+45"]

1. d4 Nf6 2. Nf3 d5 3. c3 Bg4 4. Bf4 e6 5. e3 Be7 6. h3 Bh5 7. Nbd2 O-O 8. Bd3
c5 9. a4 c4 10. Bc2 Nbd7 11. O-O a6 12. Qe2 b5 13. axb5 axb5 14. e4 dxe4 15.
Nxe4 Nd5 16. Bh2 Qb6 17. g4 Bg6 18. Nfd2 Kh8 19. f4 f5 20. gxf5 Bxf5 21. Nc5
Bxc5 22. Rxa8 Rxa8 23. Bxf5 Bxd4+ 24. Kh1 exf5 25. cxd4 Qxd4 26. Re1 N7f6 27.
Nf3 Qe4 28. Qf2 Qd3 29. Ng5 h6 30. Nf7+ Kg8 31. Ne5 Qxh3 32. Qe2 Nxf4 33. Qd2
Nd3 34. Nxd3 Qxd3 35. Qg2 Re8 36. Rxe8+ Nxe8 37. Qg3 Qxg3 38. Bxg3 g5 39. Be5
Kf7 {White resigns} 0-1

[Event "Team 45 45 League T72"]
[Site "Internet Chess Club"]
[Date "2017.03.26"]
[Round "2"]
[White "alexping"]
[Black "LittleButton"]
[Result "0-1"]
[WhiteElo "1901"]
[BlackElo "1876"]
[Opening "Queen's pawn game"]
[ECO "D02"]
[Time "05:25:58"]
[TimeControl "2700+45"]

1. d4 d5 2. Nf3 e6 3. Bg5 f6 4. Bf4 Bd6 5. e3 Ne7 6. Bxd6 cxd6 7. c3 O-O 8. Be2
Nbc6 9. O-O b6 10. b3 Bb7 11. c4 Rc8 12. Na3 Na5 13. Rc1 Qd7 14. Qd2 dxc4 15.
Nxc4 Nxc4 16. Bxc4 Bxf3 17. gxf3 Nf5 18. e4 Ne7 19. Ba6 Rxc1 20. Rxc1 Ng6 21.
Qc2 e5 22. Bc8 Qe8 23. Qc4+ Kh8 24. Bg4 Nf4 25. dxe5 dxe5 26. Qa6 Qd8 27. Rc8
Qd1+ 28. Qf1 Ne2+ 29. Kg2 Qxf1+ 30. Kxf1 Rxc8 31. Bxc8 Nc1 32. Ke1 Nxa2 33. Kd2
Nb4 34. Bb7 a5 35. Kc3 b5 36. Bc8 Nc6 37. Kd3 Nd4 38. Bd7 Kg8 39. f4 Kf8 40.
fxe5 fxe5 41. f4 Nxb3 42. Bxb5 exf4 43. Kc3 Nc5 44. Kd4 Ne6+ 45. Ke5 Nc7 46. Bc4
g5 47. h4 gxh4 48. Kxf4 h5 49. e5 Ke7 50. Kf3 Ne6 51. Kg2 Nf4+ 52. Kf3 Ng6 53.
Ke4 a4 54. Kd4 h3 55. Bf1 Nf4 56. Bb5 h2 57. Bc6 a3 58. Kc3 Ne2+ {White resigns}
0-1

[Event "Team 45 45 League T72"]
[Site "Internet Chess Club"]
[Date "2017.03.26"]
[Round "2"]
[White "ChessHouston"]
[Black "LinceHispano44"]
[Result "1/2-1/2"]
[WhiteElo "1859"]
[BlackElo "1758"]
[Opening "Sicilian: Najdorf, Opocensky variation"]
[ECO "B92"]
[Time "14:04:52"]
[TimeControl "2700+45"]

1. e4 c5 2. Nf3 d6 3. d4 cxd4 4. Nxd4 Nf6 5. Nc3 a6 6. Be2 e5 7. Nb3 Be6 8. f4
Qc7 9. Qd3 b5 10. f5 Bc4 11. Qf3 Bxe2 12. Qxe2 Be7 13. a3 Nbd7 14. g4 Nb6 15. g5
Nfd7 16. Rg1 Rc8 17. Bd2 Na4 18. Nd5 Qc4 19. Bc3 Qxe2+ 20. Kxe2 Nxb2 21. Bxb2
Rxc2+ 22. Nd2 Rxb2 23. Nc7+ Kd8 24. Nxa6 Nb6 25. Kd3 Nc4 26. Nxc4 bxc4+ 27. Kxc4
Kd7 28. Rab1 Rc8+ 29. Kd3 Rxb1 30. Rxb1 Bxg5 31. Rb7+ Ke8 32. Nc7+ Kf8 33. a4
Bd8 34. Nb5 Rc6 35. Rb8 Ke7 36. Nc3 Ra6 37. Nd5+ Kd7 38. Rb7+ Ke8 39. Rb4 h5 40.
Kc4 Rc6+ 41. Kb5 Rc5+ 42. Ka6 g6 43. fxg6 fxg6 44. Rb5 Rc4 45. Rb4 Rxb4 46. Nxb4
g5 47. Nd5 g4 48. Kb5 Kd7 49. a5 h4 50. a6 Kc8 51. Ne3 g3 52. hxg3 hxg3 53. Kc6
Kb8 54. Kxd6 Bb6 55. Ng2 Bd4 56. Ke6 Ka7 57. Kf5 Kxa6 58. Kg4 Kb5 59. Kxg3 Kc4
60. Kg4 Kd3 61. Kf5 Ke2 62. Nh4 Ke3 63. Ng6 Kd3 64. Ne7 Kc4 65. Ke6 Kc5 {Game
drawn by mutual agreement} 1/2-1/2

[Event "Team 45 45 League T72"]
[Site "Internet Chess Club"]
[Date "2017.03.27"]
[Round "2"]
[White "bobhill"]
[Black "IshanR"]
[Result "1-0"]
[WhiteElo "1881"]
[BlackElo "1887"]
[Opening "Old Benoni defense"]
[ECO "A43"]
[Time "08:01:23"]
[TimeControl "2700+45"]

1. d4 c5 2. d5 Nf6 3. Nf3 b5 4. Bg5 Ne4 5. Bh4 Bb7 6. e3 g6 7. c3 Qa5 8. Qd3 f5
9. Qxb5 Qxb5 10. Bxb5 Bxd5 11. O-O Nc6 12. Rd1 Rb8 13. c4 Bg8 14. Nbd2 Bg7 15.
Nxe4 fxe4 16. Nd2 a6 17. Bg3 axb5 18. Bxb8 Nxb8 19. cxb5 Bxb2 20. Rab1 Bg7 21.
a4 Bd5 22. a5 d6 23. a6 Kf7 24. a7 Nd7 25. b6 Ra8 26. Nf3 Ba2 27. Ng5+ Kg8 28.
b7 Rxa7 29. b8=Q+ Nxb8 30. Rxb8+ Bf8 31. Ra1 Ra6 32. Ne6 Bxe6 33. Rxa6 Kf7 34.
f4 exf3 35. gxf3 Bg7 36. Kf2 g5 37. Ra7 Bf6 38. Rd8 Kg6 39. Re8 Kf7 40. Raa8 Kg6
41. Rad8 Kf7 42. Rg8 Bg7 43. Rde8 Kg6 44. Rxg7+ Kxg7 45. Rxe7+ Kf6 46. Rxh7 Bf5
47. Rh8 d5 48. Ke2 Ke5 49. Rg8 Kf6 50. Kd2 Be6 51. Rb8 Ke5 52. Re8 Kf6 53. Kc3
Ke5 54. Rd8 Bf7 55. Rd7 Be6 56. Rc7 d4+ 57. Kd2 dxe3+ 58. Kxe3 c4 59. Rc5+ Bd5
60. h3 Kd6 61. Rc8 Ke5 62. Rf8 Be6 63. Rh8 Bf7 64. h4 gxh4 65. Rxh4 Bd5 66. f4+
Kf6 67. Rh5 Bf7 68. Rc5 Be6 69. Ke4 Bf7 70. Rc6+ Kg7 71. Ke5 Bg8 72. f5 Bf7 73.
Rc7 Kg8 74. Kf6 Bd5 75. Ke7 Bf7 76. f6 {Black resigns} 1-0

[Event "Team 45 45 League T72"]
[Site "Internet Chess Club"]
[Date "2017.03.28"]
[Round "2"]
[White "Konstantinos"]
[Black "Beetlejuice"]
[Result "0-1"]
[WhiteElo "1630"]
[BlackElo "1783"]
[Opening "Dutch defense"]
[ECO "A84"]
[Time "14:02:44"]
[TimeControl "2700+45"]

1. d4 f5 2. c4 Nf6 3. Nf3 g6 4. Nc3 Bg7 5. Bg5 d6 6. e3 O-O 7. Be2 e6 8. O-O Qe7
9. Qc2 Na6 10. a3 c5 11. Rad1 h6 12. Bxf6 Bxf6 13. Ne1 Nc7 14. Bf3 Rb8 15. g3 b6
16. Bh1 Ba6 17. Ne2 Bg7 18. Bc6 Rbd8 19. Nf3 d5 20. cxd5 exd5 21. Rfe1 Qe4 22.
Qxe4 dxe4 23. Nh4 Rf6 24. d5 Bxe2 25. Rxe2 Rxc6 {White resigns} 0-1